 Dungeon Crawl Stone Soup version 0.25-a0-378-gd2ca0b7745 (webtiles) character file.

Game seed: 3368674764754518765, levelgen mode: deterministic

1070 PentaManta the Grappler (level 8, 0/52 HPs)
             Began as an Octopode Fighter on Jan 7, 2020.
             Slain by a gnoll
             ... wielding a +0 spear
              (10 damage)
             ... on level 4 of the Dungeon.
             The game lasted 00:07:32 (3892 turns).

PentaManta the Grappler (Octopode Fighter)          Turns: 3892, Time: 00:07:32

Health: 0/52       AC:  3    Str: 15    XL:     8   Next: 28%
Magic:  8/8        EV: 13    Int: 13    God:
Gold:   102        SH:  8    Dex: 11    Spells: 7/7 levels left

rFire    + . .     SeeInvis .     - Unarmed
rCold    . . .     Gourm    .   a - +0 shield
rNeg     . . .     Faith    .   (helmet restricted)
rPois    .         Spirit   .   (no amulet)
rElec    .         Reflect  .   f - +2 ring of protection
rCorr    .         Harm     .   m - ring of protection from fire
MR       .....                  (no ring)
Stlth    ++........             (no ring)
HPRegen  0.17/turn              (no ring)
MPRegen  0.11/turn              (no ring)
                                (no ring)
                                (no ring)

@: no status effects
A: almost no armour, stealthy swim, amphibious, 8 rings, constrict 8, camouflage
1, gelatinous body 1
a: no special abilities


You were on level 4 of the Dungeon.
You were not hungry.

You visited 1 branch of the dungeon, and saw 4 of its levels.

You collected 102 gold pieces.

Inventory:

Hand Weapons
 q - a +3 dagger
Missiles
 d - 4 javelins (quivered)
 w - 10 poisoned darts
Armour
 a - a +0 shield (worn)
Jewellery
 f - a +2 ring of protection (left tentacle)
 m - a ring of protection from fire (right tentacle)
 o - a +1 ring of protection
Wands
 l - a wand of random effects (20)
Scrolls
 s - a scroll of teleportation
 t - 3 scrolls of identify
 v - a scroll of magic mapping
Potions
 b - 4 potions of might
 e - a potion of degeneration {unknown}
 g - a potion of mutation
 h - a potion of curing {unknown}
 i - a potion of brilliance {unknown}
 j - a potion of berserk rage {unknown}
 k - a potion of invisibility {unknown}
 n - a potion of flight {unknown}
 p - a potion of cancellation {unknown}
 u - a potion of heal wounds {unknown}
Comestibles
 c - 13 rations


   Skills:
 - Level 3.0 Fighting
 + Level 6.2 Dodging
 - Level 3.0 Shields
 * Level 8.0 Unarmed Combat


You had 7 spell levels left.
You didn't know any spells.
Your spell library contained the following spells:

 Spells                   Type           Power        Failure   Level  Hunger
 Confusing Touch          Hex            #.....       82%         1    ##.....
 Confuse                  Hex            #.......     99%         3    ####...
 Gell's Gravitas          Tloc           #.........   99%         3    ####...
 Petrify                  Tmut/Erth      #.......     100%        4    #####..
 Metabolic Englaciation   Hex/Ice        #.........   100%        5    ######.
 Yara's Violent Unravell  Hex/Tmut       #.........   100%        5    ######.


Dungeon Overview and Level Annotations

Branches:
Dungeon (4/15)
 Temple: D:4-7

Altars:
Makhleb
Qazlal
Vehumet
Xom
Yredelemnul

Shops:
D:4 *

Annotations:
D:3 3 runed translucent doors, DerDa's ghost, amateur VSFi; Essalna's ghost, weakling TeAE


Innate Abilities, Weirdness & Mutations

You cannot wear most types of armour.
You are very stealthy in the water. (Stealth+)
You are amphibious.
You can wear up to eight rings at the same time.
You can use your tentacles to constrict eight enemies at once.
Your skin changes colour to match your surroundings (Stealth+).
Your rubbery body absorbs attacks. (AC +1, EV +1)


Message History

You block the gnoll's attack. You block the gnoll's attack.
There is an open door, spattered with blood here.
Things that are here:
a +0 club; a jackal corpse You barely miss the crimson imp.
You grab the crimson imp. You constrict the crimson imp.
The gnoll hits you with a +1 halberd of chopping.
The gnoll misses you.
The crimson imp hits you but does no damage.
You bludgeon the gnoll! Your grab misses the gnoll.
The gnoll is almost dead.
You constrict the crimson imp.
The gnoll hits you with a +1 halberd of chopping!
* * * LOW HITPOINT WARNING * * *
The gnoll hits you with a +0 spear.
* * * LOW HITPOINT WARNING * * *
The crimson imp blinks free!
The gnoll hits you from afar with a +0 spear!
You die...

########################
.......................>
##.......#######@#######
.#.......#######)##
.#....)..#.....gg§#
.#.......#.∩5∩..%.#
.#.......#....!...<..
.......†.#.∩.∩....####
#........#........#
#........#........#
#........#........#


You could see 2 gnolls.

Vanquished Creatures
  Grinder (D:3)
  Sigmund (D:2)
  Purgy (D:3)
  3 ogres
  A scorpion (D:4)
  Crazy Yiuf (D:2)
  An orc wizard (D:3)
  Jessica (D:2)
  Terence (D:3)
  Natasha (thrice) (D:2)
  3 gnolls
  5 adders
  An adder skeleton (D:3)
  2 worms
  2 dart slugs
  5 orcs
  A giant cockroach (D:1)
  7 hobgoblins
  5 jackals
  6 kobolds
  A quokka (D:3)
  5 bats (D:3)
  4 frilled lizards
  4 goblins
  10 rats
  A fungus (D:2)
76 creatures vanquished.

Vanquished Creatures (others)
  A withered plant (D:3)
1 creature vanquished.

Grand Total: 77 creatures vanquished

Notes
Turn   | Place    | Note
-------+----------+-------------------------------------------
     0 | D:1      | PentaManta the Octopode Fighter began the quest for the
                  | Orb.
     0 | D:1      | Reached XP level 1. HP: 16/16 MP: 1/1
    39 | D:1      | Reached XP level 2. HP: 20/21 MP: 2/2
   253 | D:1      | Reached skill level 3 in Unarmed Combat
   370 | D:1      | Reached XP level 3. HP: 26/26 MP: 3/3
   599 | D:2      | Noticed Sigmund
   604 | D:2      | Killed Sigmund
   604 | D:2      | Reached skill level 4 in Unarmed Combat
   604 | D:2      | Reached XP level 4. HP: 18/31 MP: 4/4
   604 | D:2      | Reached XP level 5. HP: 21/36 MP: 5/5
   657 | D:2      | Found a shimmering altar of Xom.
   783 | D:2      | Noticed Jessica
   787 | D:2      | Noticed Natasha
   791 | D:2      | Killed Jessica
   791 | D:2      | Reached skill level 5 in Unarmed Combat
   796 | D:2      | Killed Natasha
   796 | D:2      | Reached XP level 6. HP: 12/42 MP: 6/6
  1084 | D:2      | Found a radiant altar of Vehumet.
  1236 | D:2      | Noticed Natasha
  1242 | D:2      | Killed Natasha
  1253 | D:2      | Noticed Natasha
  1258 | D:2      | Killed Natasha
  1507 | D:2      | Found a runed translucent door.
  1508 | D:2      | Noticed Crazy Yiuf
  1516 | D:2      | Killed Crazy Yiuf
  1936 | D:3      | Found a burning altar of Makhleb.
  1944 | D:3      | Noticed Grinder
  1960 | D:3      | Found a basalt altar of Yredelemnul.
  2096 | D:2      | Reached skill level 5 in Dodging
  2096 | D:2      | Reached skill level 6 in Unarmed Combat
  2096 | D:2      | Reached XP level 7. HP: 13/46 MP: 7/7
  2319 | D:3      | Paralysed by Grinder for 4 turns
  2331 | D:3      | Killed Grinder
  2602 | D:3      | Found a runed translucent gate.
  2602 | D:3      | Found a runed translucent gate.
  2602 | D:3      | Found a runed translucent gate.
  2603 | D:3      | Noticed DerDa's ghost (amateur VSFi)
  2604 | D:3      | Noticed Essalna's ghost (weakling TeAE)
  2780 | D:3      | Noticed Purgy
  2802 | D:3      | Killed Purgy
  2802 | D:3      | Reached skill level 7 in Unarmed Combat
  3052 | D:3      | Noticed Terence
  3062 | D:3      | Killed Terence
  3421 | D:4      | Reached XP level 8. HP: 39/52 MP: 8/8
  3784 | D:4      | Found a stormy altar of Qazlal.
  3789 | D:4      | Noticed a water elemental
  3793 | D:4      | Noticed an air elemental
  3872 | D:4      | Found Benuedad's Assorted Antiques.
  3888 | D:4      | Reached skill level 8 in Unarmed Combat
  3892 | D:4      | Slain by a gnoll

Levels and vault maps discovered:
D:1:      psy_arrival_fountain, layout_rooms
D:2:      layout_basic, fiery_altar_vehumet, xom_butterflies, first_ration,
          uniq_natasha, uniq_sigmund, uniq_jessica, uniq_crazy_yiuf_cottage
D:3:      layout_loops_ring, lemuel_doored_altar, old_standard_altar,
          gammafunk_ghost_cemetery, uniq_purgy, uniq_terence, uniq_grinder
D:4:      layout_basic, nicolae_qazlal_style_of_elements, serial_shops,
          nicolae_shop_competitors_out_of_business

Skill      XL: |  1  2  3  4  5  6  7  8 |
---------------+-------------------------+-----
Unarmed Combat | 3 4 5 6 7 8 |  8.0
Dodging        | 4 5 6 |  6.2
Fighting       | |  3.0
Shields        | |  3.0

Action                   |  1- 3 |  4- 6 |  7- 9 || total
-------------------------+-------+-------+-------++-------
Melee: Unarmed           |    41 |    70 |   107 ||   218
       Constrict         |    13 |    19 |    15 ||    47
       Tentacles         |    11 |    19 |    14 ||    44
       Punch             |     1 |     5 |     4 ||    10
  Use: Scroll            |       |     6 |       ||     6
 Stab: Sleeping          |     5 |     5 |     1 ||    11
  Eat: Chunk             |       |     3 |     3 ||     6
       Ration            |       |       |     1 ||     1
Armor: Skin              |     2 |     4 |    16 ||    22
Dodge: Dodged            |    10 |    15 |    64 ||    89
Block: Shield            |    14 |    32 |    49 ||    95

Table legend:
 A = Non-vault XP
 B = Vault XP
 C = Vault XP percentage of total XP
 D = Non-vault monster count
 E = Vault monster count
 F = Vault count percentage of total count
                 A         B        C        D         E       F
            +---------+---------+-------+---------+---------+-------
      Total |     735 |     794 |  51.9 |      68 |       7 |   9.3
            +---------+---------+-------+---------+---------+-------
        D:1 |      43 |       0 |   0.0 |      17 |       0 |   0.0
        D:2 |     227 |     334 |  59.5 |      16 |       4 |  20.0
        D:3 |     107 |     460 |  81.1 |      23 |       3 |  11.5
        D:4 |     358 |       0 |   0.0 |      12 |       0 |   0.0
            +---------+---------+-------+---------+---------+-------
